 Dungeon Crawl Stone Soup version 0.30-a0-4-ga7cffc901d (webtiles) character file.

Game seed: 3901232270338566657

199 Setbun the Sneak (level 6, -2/35 HPs)
             Began as a Kobold Enchanter on Aug 20, 2022.
             Slain by Grinder (3 damage)
             ... on level 3 of the Dungeon.
             The game lasted 00:03:08 (3692 turns).

Setbun the Sneak (Kobold Enchanter)                 Turns: 3692, Time: 00:03:09

Health: -2/35      AC:  4    Str:  6    XL:     6   Next: 6%
Magic:  8/10       EV: 16    Int: 16    God:
Gold:   123        SH:  5    Dex: 17    Spells: 5/10 levels left

rFire   . . .      SeeInvis .    a - +1 dagger
rCold   . . .      Faith    .    (no shield)
rNeg    . . .      Spirit   .    b - +0 robe
rPois   .          Reflect  +    (no helmet)
rElec   .          Harm     .    n - +0 cloak
rCorr   .          Rampage  .    (no gloves)
Will    .....                    j - +0 pair of boots
Stlth   ++++......               m - amulet of reflection
HPRegen 0.11/turn                (no ring)
MPRegen 0.12/turn                (no ring)

@: no status effects
A: small, no large weapons, nightstalker 3
a: no special abilities


You were on level 3 of the Dungeon.
You visited 1 branch of the dungeon, and saw 3 of its levels.

You collected 123 gold pieces.

Inventory:

Hand Weapons
 a - a +1 dagger (weapon)
Armour
 b - a +0 robe (worn)
 j - a +0 pair of boots (worn)
 n - a +0 cloak (worn)
Jewellery
 m - an amulet of reflection (around neck)
 r - a ring of flight
Wands
 t - a wand of polymorph (1)
Scrolls
 e - a scroll of torment {unknown}
 f - 2 scrolls of magic mapping {unknown}
 g - a scroll of poison {unknown}
 i - 3 scrolls of identify {unknown}
 k - a scroll of teleportation {unknown}
 s - a scroll of enchant weapon {unknown}
 u - a scroll of vulnerability {unknown}
Potions
 c - 2 potions of invisibility
 d - 3 potions of mutation {unknown}
 h - 3 potions of heal wounds
 l - a potion of lignification {unknown}
 o - a potion of might {unknown}
 p - a potion of curing {unknown}
 q - 2 potions of cancellation {unknown}


   Skills:
 + Level 1.7 Fighting
 * Level 4.0 Short Blades
 + Level 3.4 Dodging
 + Level 5.0 Stealth
 + Level 2.9 Spellcasting
 + Level 3.6 Hexes


You had 5 spell levels left.
You knew the following spells:

 Your Spells              Type           Power      Damage    Failure   Level
a - Ensorcelled Hibernat  Hex/Ice        16%        N/A       14%         2
b - Confusing Touch       Hex            14%        N/A       13%         3

Your spell library contained the following spells:

 Spells                   Type           Power      Damage    Failure   Level
 Tukima's Dance           Hex            14%        N/A       13%         3
 Dazzling Flash           Conj/Hex       16%        N/A       26%         3


Dungeon Overview and Level Annotations

Branches:
Dungeon (3/15)

Altars:
Nemelex Xobeh

Annotations:
D:3 Grinder


Innate Abilities, Weirdness & Mutations

You are small and have problems with some larger weapons.
You are completely attuned to the shadows.


Message History

Grinder is lightly wounded.
Grinder closely misses you.
Casting: Confusing Touch (quite dangerous; 13% risk of failure)
Confirm with . or Enter, or press ? or * to list all spells.
The spell is quite dangerous to miscast (13% risk of failure)!
Continue anyway?
Your hands begin to glow red.
Grinder hits you.
You writhe in agony.
You barely miss Grinder. You punch Grinder.
Grinder is lightly wounded.
Grinder hits you.
You writhe in agony.
You barely miss Grinder. Your punch misses Grinder.
Grinder is lightly wounded.
Grinder blinks!
You hit Grinder but do no damage.
Grinder is lightly wounded.
Grinder blinks!
You closely miss Grinder. Your punch misses Grinder.
Grinder is lightly wounded.
You hit Grinder but do no damage.
Grinder appears confused.
Grinder is lightly wounded.
Grinder hits you.
You hit Grinder.
Grinder is lightly wounded.
Grinder hits you.
You writhe in agony.
* * * LOW HITPOINT WARNING * * *
Grinder hits herself.
You hit Grinder.
Grinder is moderately wounded.
You strike the helpless Grinder from behind!
You puncture Grinder!
Grinder is severely wounded.
Grinder drinks a potion.
Grinder is healed!
You barely miss Grinder.
Grinder is lightly wounded.
You strike the helpless Grinder from behind!
You puncture Grinder!
Grinder is heavily wounded.
Grinder hits you!
* * * LOW HITPOINT WARNING * * *
You writhe in agony.
You die...

### ##.. #..
#.#
###########.##
#...†....5@..#
#...########.#
#...# #.#
#...# #.#
#...# #..
#...#
#######...#
......#...#
#######...#


You could see Grinder (confused).

Vanquished Creatures
  Crazy Yiuf (D:2)
  Jessica (D:3)
  4 gnolls (D:2)
  3 adders
  2 worms (D:3)
  3 dart slugs
  An orc (D:3)
  9 bats
  5 endoplasms
  3 giant cockroaches
  8 hobgoblins
  3 jackals (D:2)
  3 kobolds
  8 ball pythons
  5 frilled lizards
  5 goblins
  4 rats
68 creatures vanquished.

Notes
Turn   | Place    | Note
-------+----------+-------------------------------------------
     0 | D:1      | Setbun the Kobold Enchanter began the quest for the Orb.
     0 | D:1      | Reached XP level 1. HP: 10/10 MP: 3/3
   249 | D:1      | Reached XP level 2. HP: 15/15 MP: 5/5
   491 | D:1      | Reached XP level 3. HP: 15/20 MP: 6/6
   514 | D:1      | Learned a level 2 spell: Ensorcelled Hibernation
   518 | D:1      | Learned a level 3 spell: Confusing Touch
   640 | D:1      | Found a faded altar of an unknown god.
  1565 | D:2      | Found a runed translucent door.
  1568 | D:2      | Noticed Crazy Yiuf
  1573 | D:2      | Killed Crazy Yiuf
  1574 | D:2      | Reached skill level 1 in Fighting
  1574 | D:2      | Reached XP level 4. HP: 25/25 MP: 7/7
  1871 | D:2      | Reached XP level 5. HP: 29/29 MP: 8/8
  2197 | D:2      | Found a sparkling altar of Nemelex Xobeh.
  3067 | D:3      | Noticed Grinder
  3476 | D:3      | Noticed Jessica
  3488 | D:3      | Killed Jessica
  3489 | D:3      | Reached XP level 6. HP: 31/35 MP: 10/10
  3669 | D:3      | Reached skill level 5 in Stealth
  3692 | D:3      | HP: 1/35 [Grinder (7)]
  3692 | D:3      | Slain by Grinder

Illustrated notes

Levels and vault maps discovered:
D:1:      psy_arrival_heroes, layout_basic, chequers_ecumenical_altar_grove
D:2:      layout_basic, basic_altar, uniq_crazy_yiuf_cottage
D:3:      layout_rooms, serial_co_window_serial, co_window_corner_a,
          co_window_corner_a, co_window_paths_b, co_window_corner_a,
          co_window_corner_a, co_window_broadway_b, co_window_unsneaky_path_d,
          co_window_broadway_a, co_window_unsneaky_path_d, co_window_broadway_a,
          co_window_corner_cb, glass_columns_a, minmay_unequal, uniq_jessica,
          uniq_grinder

Skill      XL: |  1  2  3  4  5  6 |
---------------+-------------------+-----
Short Blades   | 2 3 4 |  4.0
Fighting       | 1 |  1.7
Dodging        | 3 |  3.4
Stealth        | 5 |  5.0
Spellcasting   | |  2.9
Hexes          | |  3.6

Action                   |  1- 3 |  4- 6 || total
-------------------------+-------+-------++-------
Melee: Dagger            |    78 |   130 ||   208
       Unarmed           |       |     9 ||     9
       Punch             |       |     3 ||     3
 Cast: Ensorcelled Hiber |       |     4 ||     4
       Confusing Touch   |       |     1 ||     1
 Stab: Sleeping          |    22 |    16 ||    38
       Confused          |       |     2 ||     2
Armor: Robe              |    15 |    20 ||    35
Dodge: Dodged            |    53 |    73 ||   126
Block: Other             |       |    22 ||    22

Table legend: (Time is in decaauts)
 A = Elapsed time spent in this place.
 B = Non-inter-level travel time spent in this place.
 C = Inter-level travel time spent in this place.
 D = Time resting spent in this place.
 E = Time spent auto-exploring this place.
 F = Levels seen in this place.
 G = Mean time per level.
                   A        B        C        D        E       F      G
               +--------+--------+--------+--------+--------+-----+--------+
         Total |   3658 |   3586 |     72 |    176 |   2873 |   3 | 1219.3 |
       Dungeon |   3658 |   3586 |     72 |    176 |   2873 |   3 | 1219.3 |
               +--------+--------+--------+--------+--------+-----+--------+

Top non-repeatable levels by time:
     D:2: 1575 daAuts
     D:1: 1314 daAuts
     D:3: 768 daAuts
